General information
- name: BNet
- type: Ladder team game (AT/RT)
- host: Battle.net
- saver: DaCookieMonster
map: Deathknell
- players: 8
- length: 55:58
- speed: Fast
- version: 1.26 W3XP
- replay type: Public
» download(315 KB)
Players
team 1 (loser)
germanorc (
blue | 21 APM | 1160 actions | 55:57)
3 Blademaster
1 Wind Walk
2 Critical Strike
3 Shadow Hunter
2 Hex
1 Healing Wave
4 Tauren Chieftain
2 Shockwave
2 Endurance Aura
» actions
| Build / train | 71 | |
| Enter build submenu | 18 | |
| Enter hero's abilities submenu | 10 | |
| Give item / drop item | 2 | |
| Remove unit from queue | 1 | |
| Right click | 478 | |
| Select / deselect | 411 | |
| Use ability | 169 | |
1160 total
» units
| Peon | 14 | |
| Shaman | 4 | |
| Troll Witch Doctor | 6 | |
| Tauren | 4 | |
| Ice Troll Trapper | 1 | |
| Spirit Walker | 2 | |
31 total
» upgrades
| Spiked Barricades | 1 | |
| Ranged Weapons | 1 | |
| Shaman Training | 2 | |
| Witch Doctor Training | 2 | |
| Spirit Walker Training | 2 | |
| Pulverize | 1 | |
| Armor | 1 | |
| Melee Weapons | 3 | |
13 total
» buildings
| Altar of Storms | 1 | |
| Orc Burrow | 7 | |
| Voodoo Lounge | 1 | |
| War Mill | 1 | |
| Stronghold | 1 | |
| Watch Tower | 3 | |
| Fortress | 1 | |
| Spirit Lodge | 2 | |
| Tauren Totem | 1 | |
| Great Hall | 1 | |
19 total
» build order
00:06 Altar of Storms
00:08 Orc Burrow
00:47 Voodoo Lounge
01:05 War Mill
02:28 Stronghold
02:59 Watch Tower
03:01 Watch Tower
04:11 Orc Burrow
04:39 Orc Burrow
04:55 Fortress
05:36 Spirit Lodge
06:43 Spirit Lodge
07:31 Orc Burrow
07:56 Tauren Totem
10:21 Orc Burrow
14:50 Watch Tower
19:44 Orc Burrow
19:48 Orc Burrow
28:28 Great Hall
» items
| Healing Salve | 2 | |
| Lesser Clarity Potion | 1 | |
| Orb of Lightning | 1 | |
| Scroll of Speed | 1 | |
| Scroll of Town Portal | 2 | |
7 total
123812481258158 (
teal | 73 APM | 4086 actions | 55:57)
9 Archmage
3 Summon Water Elemental
3 Brilliance Aura
1 Mass Teleport
2 Blizzard
» actions
| Assign group hotkey | 110 | |
| Basic commands | 245 | |
| Build / train | 275 | |
| ESC pressed | 12 | |
| Enter build submenu | 67 | |
| Enter hero's abilities submenu | 9 | |
| Give item / drop item | 11 | |
| Remove unit from queue | 1 | |
| Right click | 1351 | |
| Select / deselect | 632 | |
| Select group hotkey | 1019 | |
| Use ability | 354 | |
4086 total
» units
| Peasant | 34 | |
| Footman | 7 | |
| Goblin Zeppelin | 3 | |
| Goblin Shredder | 5 | |
| Gryphon Rider | 2 | |
| Rifleman | 6 | |
| Siege Engine | 9 | |
| Mortar Team | 3 | |
69 total
» upgrades
| Masonry | 3 | |
| Lumber Harvesting | 2 | |
| Swords | 3 | |
| Armor | 3 | |
| Animal War Training | 1 | |
| Storm Hammers | 1 | |
| Long Rifles | 1 | |
| Gunpowder | 3 | |
| Barrage | 1 | |
| Fragmentation Shards | 1 | |
| Plating | 3 | |
| Flare | 1 | |
| Defend | 1 | |
| Cloud | 1 | |
| Flak Cannons | 1 | |
| Flying Machine Bombs | 1 | |
| Backpack | 1 | |
28 total
» buildings
| Altar of Kings | 1 | |
| Barracks | 3 | |
| Farm | 12 | |
| Arcane Vault | 2 | |
| Lumber Mill | 1 | |
| Town Hall | 6 | |
| Keep | 3 | |
| Scout Tower | 43 | |
| Arcane Tower | 12 | |
| Guard Tower | 83 | |
| Blacksmith | 1 | |
| Castle | 5 | |
| Gryphon Aviary | 2 | |
| Workshop | 2 | |
176 total
» build order
01:08 Altar of Kings
01:09 Barracks
01:12 Farm
01:38 Arcane Vault
01:40 Farm
02:10 Farm
02:19 Farm
02:51 Farm
03:15 Farm
03:20 Lumber Mill
04:47 Town Hall
05:12 Keep
05:12 Keep
05:42 Scout Tower
06:18 Arcane Tower
06:18 Arcane Tower
06:19 Arcane Tower
06:23 Scout Tower
06:25 Scout Tower
06:26 Scout Tower
07:32 Arcane Tower
07:32 Arcane Tower
07:33 Guard Tower
07:33 Guard Tower
07:33 Guard Tower
07:34 Guard Tower
07:34 Guard Tower
07:38 Scout Tower
08:08 Arcane Tower
08:09 Arcane Tower
08:09 Arcane Tower
08:41 Blacksmith
10:25 Castle
10:25 Castle
10:25 Castle
10:26 Castle
10:29 Gryphon Aviary
10:29 Gryphon Aviary
14:04 Scout Tower
14:05 Scout Tower
14:06 Scout Tower
14:07 Scout Tower
14:40 Guard Tower
14:40 Guard Tower
14:41 Guard Tower
14:41 Guard Tower
14:41 Guard Tower
14:41 Guard Tower
14:42 Guard Tower
14:42 Guard Tower
14:46 Scout Tower
15:14 Scout Tower
15:15 Scout Tower
15:16 Scout Tower
15:17 Scout Tower
15:19 Scout Tower
15:44 Guard Tower
15:44 Guard Tower
15:45 Guard Tower
15:45 Guard Tower
15:47 Guard Tower
15:47 Guard Tower
15:48 Guard Tower
15:51 Scout Tower
15:55 Scout Tower
16:04 Scout Tower
16:05 Scout Tower
16:11 Arcane Vault
16:20 Scout Tower
16:30 Workshop
16:31 Workshop
16:41 Barracks
16:46 Barracks
16:52 Guard Tower
16:52 Guard Tower
16:52 Guard Tower
16:54 Guard Tower
16:54 Guard Tower
16:54 Guard Tower
16:55 Guard Tower
16:55 Guard Tower
16:55 Guard Tower
17:11 Guard Tower
17:11 Guard Tower
19:22 Scout Tower
19:23 Scout Tower
19:28 Scout Tower
19:30 Scout Tower
19:36 Scout Tower
19:51 Guard Tower
19:51 Guard Tower
19:53 Farm
19:57 Guard Tower
19:57 Guard Tower
19:58 Guard Tower
19:58 Guard Tower
20:03 Farm
20:06 Guard Tower
20:06 Guard Tower
20:07 Scout Tower
20:54 Guard Tower
20:54 Guard Tower
20:55 Guard Tower
20:55 Guard Tower
20:57 Farm
21:32 Scout Tower
21:33 Scout Tower
21:33 Scout Tower
21:34 Scout Tower
21:36 Scout Tower
21:39 Town Hall
22:00 Scout Tower
22:03 Guard Tower
22:03 Guard Tower
22:03 Guard Tower
22:03 Guard Tower
22:04 Guard Tower
22:04 Guard Tower
22:04 Guard Tower
22:05 Guard Tower
22:05 Guard Tower
22:05 Guard Tower
22:07 Scout Tower
22:09 Scout Tower
22:09 Scout Tower
22:10 Scout Tower
22:11 Scout Tower
22:18 Guard Tower
22:18 Guard Tower
22:44 Guard Tower
22:44 Guard Tower
22:50 Farm
22:55 Farm
22:56 Farm
24:05 Guard Tower
24:05 Guard Tower
24:05 Guard Tower
24:06 Guard Tower
27:08 Scout Tower
27:08 Scout Tower
27:09 Scout Tower
27:09 Scout Tower
27:11 Scout Tower
27:12 Scout Tower
27:52 Town Hall
27:57 Town Hall
30:00 Town Hall
31:39 Town Hall
» items
| Mechanical Critter | 7 | |
| Scroll of Regeneration | 11 | |
| Scroll of Town Portal | 2 | |
| Healing Salve | 1 | |
| Orb of Lightning | 1 | |
| Tiny Great Hall | 1 | |
| Potion of Healing | 1 | |
24 total
KBILLY-MH-SOTRU (
yellow | 51 APM | 2872 actions | 55:57)
6 Blademaster
3 Wind Walk
2 Critical Strike
1 Bladestorm
5 Shadow Hunter
2 Hex
3 Healing Wave
» actions
| Assign group hotkey | 23 | |
| Basic commands | 71 | |
| Build / train | 66 | |
| Enter build submenu | 23 | |
| Enter hero's abilities submenu | 11 | |
| Right click | 1263 | |
| Select / deselect | 334 | |
| Select group hotkey | 851 | |
| Use ability | 230 | |
2872 total
» units
| Peon | 8 | |
| Goblin Shredder | 3 | |
| Troll Batrider | 10 | |
| Wind Rider | 5 | |
26 total
» upgrades
| Ranged Weapons | 3 | |
| Reinforced Defenses | 1 | |
| Liquid Fire | 1 | |
| Armor | 1 | |
6 total
» buildings
| Altar of Storms | 1 | |
| Orc Burrow | 6 | |
| Voodoo Lounge | 2 | |
| Stronghold | 1 | |
| War Mill | 1 | |
| Watch Tower | 41 | |
| Beastiary | 4 | |
| Fortress | 2 | |
| Great Hall | 1 | |
59 total
» build order
00:09 Altar of Storms
00:22 Orc Burrow
00:51 Voodoo Lounge
02:13 Stronghold
02:34 War Mill
02:54 Orc Burrow
02:54 Orc Burrow
02:55 Orc Burrow
03:49 Watch Tower
03:49 Watch Tower
03:50 Watch Tower
05:34 Beastiary
05:44 Beastiary
06:03 Fortress
06:03 Fortress
08:05 Watch Tower
08:06 Watch Tower
08:09 Watch Tower
10:55 Watch Tower
10:56 Watch Tower
12:35 Watch Tower
12:36 Watch Tower
13:22 Watch Tower
13:23 Watch Tower
13:23 Watch Tower
13:23 Watch Tower
13:57 Watch Tower
18:31 Watch Tower
18:31 Watch Tower
18:31 Watch Tower
18:32 Watch Tower
18:33 Watch Tower
18:33 Watch Tower
18:43 Voodoo Lounge
20:05 Beastiary
20:08 Watch Tower
20:08 Watch Tower
20:08 Watch Tower
20:09 Watch Tower
20:09 Watch Tower
20:10 Watch Tower
22:28 Great Hall
22:50 Orc Burrow
22:50 Orc Burrow
24:30 Watch Tower
24:31 Watch Tower
24:31 Watch Tower
24:32 Watch Tower
24:32 Watch Tower
27:41 Watch Tower
27:42 Watch Tower
27:42 Watch Tower
27:42 Watch Tower
30:06 Beastiary
32:53 Watch Tower
32:54 Watch Tower
32:54 Watch Tower
32:54 Watch Tower
32:55 Watch Tower
» items
| Healing Salve | 4 | |
| Lesser Clarity Potion | 2 | |
| Scroll of Town Portal | 7 | |
| Tiny Great Hall | 1 | |
| Potion of Mana | 1 | |
| Orb of Lightning | 1 | |
| Potion of Healing | 1 | |
17 total
UHOME05 (
orange | 48 APM | 926 actions | 19:17)
2 Naga Sea Witch
1 Forked Lightning
1 Frost Arrows
1 Priestess of the Moon
1 Searing Arrows
» actions
| Basic commands | 40 | |
| Build / train | 66 | |
| Enter build submenu | 25 | |
| Enter hero's abilities submenu | 4 | |
| Give item / drop item | 1 | |
| Remove unit from queue | 2 | |
| Right click | 472 | |
| Select / deselect | 258 | |
| Use ability | 58 | |
926 total
» units
| Wisp | 25 | |
| Archer | 13 | |
| Huntress | 4 | |
| Hippogryph | 1 | |
43 total
» upgrades
| Strength of the Moon | 2 | |
| Improved Bows | 1 | |
| Moon Armor | 2 | |
| Reinforced Hides | 1 | |
| Hippogryph Taming | 1 | |
7 total
» buildings
| Altar of Elders | 1 | |
| Moon Well | 6 | |
| Ancient of War | 2 | |
| Hunter's Hall | 2 | |
| Ancient of Wonders | 1 | |
| Tree of Life | 2 | |
| Tree of Ages | 1 | |
| Ancient Protector | 5 | |
| Ancient of Wind | 2 | |
| Tree of Eternity | 1 | |
23 total
» build order
00:14 Altar of Elders
00:20 Moon Well
01:14 Moon Well
02:29 Moon Well
02:36 Ancient of War
02:43 Hunter's Hall
03:16 Ancient of War
03:26 Moon Well
03:49 Ancient of Wonders
04:03 Moon Well
07:04 Moon Well
07:38 Tree of Life
09:25 Tree of Ages
10:59 Hunter's Hall
12:00 Tree of Life
12:42 Ancient Protector
12:53 Ancient Protector
12:55 Ancient Protector
12:57 Ancient Protector
13:05 Ancient Protector
15:46 Ancient of Wind
15:48 Ancient of Wind
16:18 Tree of Eternity
» items
| Moonstone | 3 | |
| Lesser Clarity Potion | 1 | |
| Dust of Appearance | 2 | |
| Scroll of Town Portal | 1 | |
7 total
team 2 (winner)
eraeza (
red | 75 APM | 3413 actions | 45:31)
4 Blademaster
2 Wind Walk
2 Critical Strike
» actions
| Assign group hotkey | 8 | |
| Basic commands | 81 | |
| Build / train | 88 | |
| ESC pressed | 12 | |
| Enter build submenu | 30 | |
| Enter hero's abilities submenu | 4 | |
| Give item / drop item | 2 | |
| Right click | 1762 | |
| Select / deselect | 502 | |
| Select group hotkey | 722 | |
| Use ability | 195 | |
3413 total
» units
| Peon | 21 | |
| Grunt | 1 | |
| Troll Batrider | 12 | |
| Kodo Beast | 4 | |
| Peasant | 1 | |
39 total
» upgrades
| Ranged Weapons | 3 | |
| Liquid Fire | 1 | |
| Armor | 2 | |
| Spiked Barricades | 1 | |
7 total
» buildings
| Orc Burrow | 5 | |
| Altar of Storms | 1 | |
| Barracks | 1 | |
| War Mill | 1 | |
| Voodoo Lounge | 1 | |
| Watch Tower | 7 | |
| Stronghold | 2 | |
| Fortress | 2 | |
| Beastiary | 3 | |
| Great Hall | 1 | |
| Scout Tower | 5 | |
| Altar of Kings | 1 | |
| Guard Tower | 4 | |
| Arcane Tower | 3 | |
37 total
» build order
00:06 Orc Burrow
00:08 Altar of Storms
00:12 Barracks
01:43 War Mill
02:13 Voodoo Lounge
03:31 Watch Tower
03:52 Stronghold
03:52 Stronghold
03:55 Watch Tower
04:09 Orc Burrow
06:52 Fortress
06:53 Fortress
07:10 Beastiary
07:12 Beastiary
07:24 Beastiary
07:33 Watch Tower
08:46 Orc Burrow
09:11 Orc Burrow
10:18 Orc Burrow
14:31 Watch Tower
14:32 Watch Tower
14:34 Watch Tower
14:38 Watch Tower
25:01 Great Hall
39:22 Scout Tower
39:23 Scout Tower
39:25 Scout Tower
39:27 Scout Tower
39:36 Altar of Kings
40:07 Guard Tower
40:08 Guard Tower
40:08 Guard Tower
40:48 Scout Tower
41:48 Arcane Tower
41:48 Arcane Tower
» items
| Healing Salve | 2 | |
| Lesser Clarity Potion | 5 | |
| Scroll of Town Portal | 2 | |
| Orb of Lightning | 1 | |
| Potion of Healing | 1 | |
| Scroll of Regeneration | 1 | |
12 total
Ellissa87 (
green | 47 APM | 1657 actions | 35:10)
5 Archmage
3 Summon Water Elemental
2 Brilliance Aura
5 Naga Sea Witch
3 Forked Lightning
2 Mana Shield
» actions
| Basic commands | 108 | |
| Build / train | 122 | |
| Enter build submenu | 38 | |
| Enter hero's abilities submenu | 10 | |
| Give item / drop item | 1 | |
| Remove unit from queue | 3 | |
| Right click | 597 | |
| Select / deselect | 584 | |
| Use ability | 194 | |
1657 total
» units
| Peasant | 25 | |
| Spell Breaker | 11 | |
| Priest | 5 | |
| Sorceress | 8 | |
| Ice Troll Berserker | 1 | |
| Ice Troll Trapper | 2 | |
52 total
» upgrades
| Lumber Harvesting | 1 | |
| Masonry | 2 | |
| Swords | 2 | |
| Plating | 1 | |
| Sorceress Training | 2 | |
| Priest Training | 1 | |
9 total
» buildings
| Farm | 16 | |
| Altar of Kings | 1 | |
| Lumber Mill | 2 | |
| Arcane Vault | 1 | |
| Keep | 9 | |
| Blacksmith | 1 | |
| Scout Tower | 32 | |
| Arcane Tower | 2 | |
| Arcane Sanctum | 4 | |
| Town Hall | 1 | |
| Castle | 2 | |
| Guard Tower | 24 | |
95 total
» build order
00:32 Farm
00:40 Altar of Kings
01:20 Lumber Mill
01:31 Arcane Vault
02:07 Farm
02:20 Keep
02:20 Keep
02:21 Keep
02:31 Farm
02:39 Farm
02:54 Blacksmith
03:07 Scout Tower
04:04 Scout Tower
04:19 Farm
04:36 Arcane Tower
04:45 Arcane Sanctum
05:03 Arcane Sanctum
05:22 Farm
05:26 Farm
07:44 Town Hall
09:38 Castle
10:52 Scout Tower
10:54 Scout Tower
10:55 Scout Tower
10:57 Scout Tower
10:58 Scout Tower
10:59 Scout Tower
11:06 Scout Tower
11:09 Scout Tower
11:09 Scout Tower
11:10 Scout Tower
11:11 Scout Tower
11:37 Guard Tower
11:37 Guard Tower
11:41 Guard Tower
11:41 Guard Tower
12:26 Scout Tower
12:26 Scout Tower
12:27 Scout Tower
12:28 Scout Tower
12:28 Scout Tower
12:29 Guard Tower
12:30 Guard Tower
12:56 Guard Tower
12:56 Guard Tower
13:00 Guard Tower
13:04 Scout Tower
13:04 Scout Tower
13:05 Scout Tower
13:07 Scout Tower
13:08 Scout Tower
13:09 Scout Tower
13:09 Scout Tower
13:10 Scout Tower
13:10 Scout Tower
13:11 Scout Tower
13:19 Farm
13:21 Farm
13:22 Farm
13:23 Farm
13:24 Farm
13:25 Farm
13:28 Farm
13:48 Guard Tower
13:48 Guard Tower
14:03 Guard Tower
14:13 Guard Tower
14:43 Guard Tower
14:44 Guard Tower
15:21 Keep
15:21 Keep
15:22 Keep
15:22 Keep
15:50 Lumber Mill
16:01 Farm
16:04 Farm
16:37 Guard Tower
18:31 Castle
18:36 Arcane Sanctum
18:42 Arcane Sanctum
19:17 Scout Tower
19:22 Scout Tower
19:32 Guard Tower
20:15 Guard Tower
22:45 Scout Tower
22:49 Scout Tower
25:36 Guard Tower
25:36 Guard Tower
» items
| Scroll of Regeneration | 2 | |
| Lesser Clarity Potion | 2 | |
| Scroll of Town Portal | 2 | |
| Potion of Healing | 2 | |
| Potion of Mana | 1 | |
9 total
DaCookieMonster (
pink | 42 APM | 2359 actions | 55:58)
9 Blademaster
3 Wind Walk
3 Critical Strike
1 Bladestorm
2 Mirror Image
» actions
| Assign group hotkey | 30 | |
| Basic commands | 175 | |
| Build / train | 103 | |
| Enter build submenu | 45 | |
| Enter hero's abilities submenu | 9 | |
| Give item / drop item | 17 | |
| Remove unit from queue | 7 | |
| Right click | 1103 | |
| Select / deselect | 389 | |
| Select group hotkey | 189 | |
| Use ability | 290 | |
2359 total
» units
| Peon | 9 | |
| Grunt | 5 | |
| Goblin Shredder | 1 | |
| Goblin Zeppelin | 3 | |
| Demolisher | 3 | |
| Troll Witch Doctor | 1 | |
| Goblin Sapper | 16 | |
| Wind Rider | 5 | |
43 total
» upgrades
| Ranged Weapons | 3 | |
| Armor | 2 | |
| Reinforced Defenses | 1 | |
| Burning Oil | 1 | |
| Berserker Strength | 1 | |
| Troll Regeneration | 1 | |
| Spiked Barricades | 1 | |
10 total
» buildings
| Orc Burrow | 3 | |
| Altar of Storms | 1 | |
| Barracks | 3 | |
| Voodoo Lounge | 2 | |
| Stronghold | 1 | |
| War Mill | 1 | |
| Great Hall | 2 | |
| Watch Tower | 27 | |
| Fortress | 1 | |
| Spirit Lodge | 1 | |
| Beastiary | 4 | |
| Arcane Tower | | |
46 total
» build order
00:15 Orc Burrow
00:52 Altar of Storms
00:53 Barracks
01:28 Orc Burrow
02:13 Voodoo Lounge
03:03 Stronghold
04:07 War Mill
04:29 Orc Burrow
05:56 Great Hall
06:24 Watch Tower
06:25 Watch Tower
06:27 Watch Tower
07:11 Watch Tower
07:20 Watch Tower
07:21 Watch Tower
07:21 Watch Tower
08:24 Fortress
08:28 Watch Tower
10:11 Watch Tower
10:12 Watch Tower
10:15 Watch Tower
10:15 Watch Tower
10:20 Watch Tower
10:21 Watch Tower
12:26 Spirit Lodge
13:11 Watch Tower
13:12 Watch Tower
13:17 Watch Tower
15:11 Barracks
15:12 Barracks
22:56 Great Hall
23:02 Watch Tower
23:03 Watch Tower
23:03 Watch Tower
23:03 Watch Tower
23:23 Watch Tower
23:25 Watch Tower
24:23 Watch Tower
24:24 Watch Tower
24:24 Watch Tower
24:25 Watch Tower
24:30 Voodoo Lounge
30:01 Beastiary
30:02 Beastiary
30:05 Beastiary
30:09 Beastiary
» items
| Healing Salve | 10 | |
| Scroll of Town Portal | 4 | |
| Potion of Mana | 6 | |
| Lesser Clarity Potion | 6 | |
| Orb of Lightning | 1 | |
| Potion of Healing | 5 | |
32 total

»
BooOOooOO (
purple | 56 APM | 1834 actions | 32:51)
6 Mountain King
2 Storm Bolt
3 Bash
1 Avatar
3 Paladin
1 Holy Light
1 Divine Shield
1 Devotion Aura
2 Archmage
1 Summon Water Elemental
1 Brilliance Aura
» actions
| Assign group hotkey | 19 | |
| Basic commands | 46 | |
| Build / train | 113 | |
| Enter build submenu | 48 | |
| Enter hero's abilities submenu | 11 | |
| Give item / drop item | 3 | |
| Right click | 942 | |
| Select / deselect | 441 | |
| Select group hotkey | 99 | |
| Use ability | 112 | |
1834 total
» units
| Peasant | 15 | |
| Rifleman | 8 | |
| Goblin Shredder | 3 | |
| Dragonhawk Rider | 6 | |
| Gryphon Rider | 5 | |
| Mortar Team | 3 | |
40 total
» upgrades
| Masonry | 2 | |
| Swords | 2 | |
| Armor | 2 | |
| Gunpowder | 1 | |
| Long Rifles | 1 | |
| Cloud | 1 | |
| Storm Hammers | 1 | |
10 total
» buildings
| Blacksmith | 1 | |
| Barracks | 1 | |
| Altar of Kings | 1 | |
| Farm | 14 | |
| Lumber Mill | 1 | |
| Arcane Vault | 2 | |
| Scout Tower | 17 | |
| Arcane Tower | 1 | |
| Guard Tower | 18 | |
| Town Hall | 2 | |
| Keep | 1 | |
| Castle | 1 | |
| Gryphon Aviary | 3 | |
| Workshop | 2 | |
65 total
» build order
00:47 Blacksmith
00:54 Barracks
01:08 Altar of Kings
01:42 Farm
01:48 Farm
02:11 Lumber Mill
02:25 Farm
02:48 Arcane Vault
03:25 Scout Tower
03:53 Farm
04:21 Scout Tower
04:41 Arcane Tower
05:08 Guard Tower
05:22 Farm
05:34 Scout Tower
06:04 Arcane Vault
06:09 Guard Tower
06:09 Guard Tower
07:19 Town Hall
07:23 Scout Tower
07:27 Scout Tower
07:59 Guard Tower
08:05 Scout Tower
09:03 Guard Tower
09:06 Scout Tower
09:29 Scout Tower
09:35 Scout Tower
09:41 Guard Tower
09:46 Scout Tower
10:01 Keep
10:14 Guard Tower
10:26 Farm
10:29 Guard Tower
10:29 Guard Tower
11:36 Farm
12:41 Farm
12:45 Castle
12:48 Gryphon Aviary
12:52 Gryphon Aviary
12:56 Gryphon Aviary
13:25 Farm
15:02 Scout Tower
15:04 Scout Tower
15:14 Farm
16:15 Guard Tower
17:06 Guard Tower
17:07 Guard Tower
17:32 Town Hall
17:36 Scout Tower
18:12 Scout Tower
18:13 Guard Tower
18:43 Scout Tower
18:44 Guard Tower
19:29 Scout Tower
19:30 Guard Tower
20:06 Guard Tower
21:08 Farm
22:46 Workshop
22:49 Workshop
25:28 Farm
25:32 Farm
25:34 Farm
26:43 Scout Tower
27:11 Guard Tower
27:11 Guard Tower
» items
| Scroll of Regeneration | 11 | |
| Lesser Clarity Potion | 3 | |
| Potion of Healing | 1 | |
| Scroll of Town Portal | 2 | |
| Ivory Tower | 6 | |
| Orb of Fire | 5 | |
28 total
Chat log
(00:31 / Allies) eraeza: hero rush
(01:59 / All) DaCookieMonster: Tennis shoes, don't even need to buy a new dress,
(02:15 / All) DaCookieMonster: If you ain't there ain't nobody else to impress
(02:33 / All) DaCookieMonster: GOT ME LOOKING SO CRAZAY RIGHT NOW
(02:34 / All) DaCookieMonster: YOUR LOVE
(02:38 / All) DaCookieMonster: GOT ME LOOKING SO CRAZY RIGHT NOW
(02:51 / All) DaCookieMonster: ATTENTION
(02:53 / All) DaCookieMonster: NOOB SPOTTED
(02:58 / All) DaCookieMonster: SOUTHEAST CORRIDOR
(03:29 / All) DaCookieMonster: AND NORTHEAST
(04:44 / All) DaCookieMonster: fucking noob
(04:48 / All) DaCookieMonster: YOU GOT ONE
(04:54 / All) DaCookieMonster: CONGRATS NEWBIE!
(05:51 / All) 123812481258158: great
(05:54 / All) 123812481258158: i got one of these tards too
(06:41 / All) 123812481258158: LOL
(06:44 / All) 123812481258158: HAHAHA
(06:46 / All) KBILLY-MH-SOTRU: lawl
(06:46 / All) 123812481258158: HAHAHAHA
(06:48 / All) 123812481258158: lmao
(06:49 / All) KBILLY-MH-SOTRU: that was pro teal
(08:42 / All) DaCookieMonster: thanks for the flute bru
(12:38 / Allies) Ellissa87: help?
(12:46 / Allies) Ellissa87: thanks
(14:25 / All) 123812481258158: forgot about those footies
(16:07 / Allies) BooOOooOO: do you want to save it or not
(16:13 / Allies) Ellissa87: its already fucked
(16:17 / Allies) Ellissa87: because no one came
(21:11 / All) DaCookieMonster: Faggot
(21:16 / All) DaCookieMonster: I'll get 100 food and rape your whole base and army
(21:18 / All) DaCookieMonster: want that?
(28:23 / Allies) BooOOooOO: sigh
(30:03 / Allies) BooOOooOO: go noobs
(30:18 / Allies) Ellissa87: omw
(31:31 / All) KBILLY-MH-SOTRU: rod
(31:47 / All) KBILLY-MH-SOTRU: my expo u retawrd
(31:50 / All) 123812481258158: lol
(32:41 / Allies) Ellissa87: ty pink
(32:42 / Allies) BooOOooOO: sigh
(32:51 / Allies) Ellissa87: all pink did was team kill
(34:21 / All) Ellissa87: welp gg pink has a tiny dick
(34:48 / All) DaCookieMonster: Oh it was purple that left not green LOL
(34:49 / All) 123812481258158: least tiny you can see it without a microscope like urs
(35:08 / All) Ellissa87: i dont have a dick gaylord : )
(35:23 / All) KBILLY-MH-SOTRU: standoff!
(35:24 / All) 123812481258158: lol
(35:28 / All) 123812481258158: I'm sure that was really a girl
(35:30 / All) 123812481258158: elissa87
(35:42 / All) 123812481258158: the female war3 4v4 rt player in this 13 year old game
(35:48 / All) DaCookieMonster: looks like they misspelled that name
(37:23 / All) DaCookieMonster: LOL
(37:25 / All) DaCookieMonster: didn't even notice
(37:33 / All) KBILLY-MH-SOTRU: notice what
(37:37 / All) DaCookieMonster: Red doing it lol
(39:17 / All) KBILLY-MH-SOTRU: "get raped son
(39:20 / All) KBILLY-MH-SOTRU: me > pink bm
(40:15 / All) KBILLY-MH-SOTRU: love tap time
(41:19 / All) DaCookieMonster: where's the shadow hunter
(41:33 / All) KBILLY-MH-SOTRU: rod kill
(41:35 / All) KBILLY-MH-SOTRU: it
(41:38 / All) KBILLY-MH-SOTRU: sort of
(41:45 / All) DaCookieMonster: lol
(41:55 / All) 123812481258158: Purple reviving his mk
(42:13 / All) 123812481258158: I'm tired wtf do I kill
(42:23 / All) 123812481258158: not sure what to do other than suicide my shit I should probably sleep soon
(42:34 / All) 123812481258158: jake you have my control and aren't tired and having to be awake in 3 hours for a performance
(42:35 / All) DaCookieMonster: kill purp/green base
(42:39 / All) KBILLY-MH-SOTRU: kill ur shit
(42:50 / All) 123812481258158: k
(43:01 / All) KBILLY-MH-SOTRU: turncoat wtf
(43:23 / All) DaCookieMonster: red has been a naughty boy
(44:54 / All) DaCookieMonster: complete my side other than me army
(45:03 / All) 123812481258158: help kill my army
(45:06 / All) 123812481258158: before you finish yours
(45:15 / All) DaCookieMonster: lol
(45:20 / All) KBILLY-MH-SOTRU: red sure hsa the power
(45:28 / All) 123812481258158: I had sick bm items
(45:31 / All) 123812481258158: but jake didn't want them
(45:33 / All) 123812481258158: pendant of energy
(45:36 / All) 123812481258158: robes +6
(45:40 / All) 123812481258158: ring of regen
(45:42 / All) DaCookieMonster: shiiet
(45:44 / All) DaCookieMonster: red left
(45:50 / All) 123812481258158: lol
(45:55 / All) KBILLY-MH-SOTRU: ya
(45:56 / All) KBILLY-MH-SOTRU: Blue loses
(45:58 / All) KBILLY-MH-SOTRU: lawl
(46:02 / All) KBILLY-MH-SOTRU: 30-17
(46:05 / All) KBILLY-MH-SOTRU: god
(46:08 / All) KBILLY-MH-SOTRU: Fuck
(46:10 / All) 123812481258158: use your towers jake
(46:12 / All) 123812481258158: wtf are you, slow
(46:15 / All) 123812481258158: kill your shit nigga
(46:18 / All) KBILLY-MH-SOTRU: LOL
(46:23 / All) KBILLY-MH-SOTRU: YA if rod is slow i am def slower
(46:53 / All) 123812481258158: If I was slow I'm still a million times faster than some people at least
(47:05 / All) KBILLY-MH-SOTRU: ur fastest, bob is slower, im slowest
(47:06 / All) 123812481258158: half asleep and I still rape all the enemy players this game
(47:07 / All) 123812481258158: or something
(47:19 / All) KBILLY-MH-SOTRU: brb taking shit go botton left corner bob
(47:20 / All) 123812481258158: fuck I still got shit to do before bed too
(48:04 / All) 123812481258158: Gave you my resources blue
(48:07 / All) 123812481258158: hope you make good use of them
(48:49 / All) 123812481258158: lawl you got the pendant and shit but nothing at all to use them on but buildings
(48:58 / All) 123812481258158: I should've offered earlier I kept trying to but jake but he didn't want them
(49:07 / All) 123812481258158: sleepy and didn't notice you were orc
(49:18 / All) DaCookieMonster: well I had to sandbag it
(49:23 / All) DaCookieMonster: after I kilt orange's expo
(49:32 / All) DaCookieMonster: other than blue
(49:35 / All) DaCookieMonster: because he was a faeg
(49:38 / All) DaCookieMonster: that killed me expo
(49:47 / All) DaCookieMonster: and also level 1 harass
(50:54 / All) DaCookieMonster: I made a mistake hwen chases jakes sh
(51:08 / All) DaCookieMonster: I attacked before me wind walk was ready at least twice
(51:13 / All) 123812481258158: Blue 30-17
(51:17 / All) 123812481258158: 30-18 now
(51:33 / All) DaCookieMonster: He;s in tears over his sauerkraut
(51:48 / All) 123812481258158: he is one sauer kraut after this game
(53:18 / All) KBILLY-MH-SOTRU: 5 yellow towers left bob. 2 at my main old base. 2 at bottom epos
(53:24 / All) KBILLY-MH-SOTRU: gay ass red
(53:29 / All) KBILLY-MH-SOTRU: stupid blue for staying
(53:49 / All) KBILLY-MH-SOTRU: i when shit happens like that, blue hit ur expo of all places.
(53:51 / All) DaCookieMonster: fucking german anarchist
(54:11 / All) DaCookieMonster: I was about to tower the fuck out of it to protect it from my allies when I tked them lol
(54:37 / All) KBILLY-MH-SOTRU: 1
(54:58 / All) DaCookieMonster: Is he talking?
(55:05 / All) KBILLY-MH-SOTRU: naw he german
(55:10 / All) DaCookieMonster: fucking kraut
(55:31 / All) DaCookieMonster: oh
(55:33 / All) DaCookieMonster: whoops
(55:33 / All) KBILLY-MH-SOTRU: oh
(55:54 / All) KBILLY-MH-SOTRU: dead